AoeStats
← ChristopheG1970.Fr

Nomad

509407744Analyzed
4v4 RM · 6d ago on Sep 26, 2026· 62m 13s· 8 players
Game mode
Random Map
Map size
231×231
Population
200
Speed
Normal
Resources
Standard
Victory
Conquest
Starting age
Dark Age
Ending age
Imperial Age
RankedLock teamsTeams togetherTeam positionsShared explorationLock speedFull tech treeHidden civsTurbo modeCheats
Victory
Defeat
🇫🇷 Italians · France
753
+14
🇬🇧 Portuguese · United Kingdom
732
+15
🇫🇷 Mongols · France
710
+16
🇮🇳 Franks · India
701
+18
🇮🇳 Huns · India
741
-16
🇺🇸 Persians · United States
720
-16
🇲🇽 Bulgarians · Mexico
720
-16
🇨🇦 Varangians · Canada
690
-15
Seventh L3tter
4:21 Loom
15:29 Feudal Age
23:02 Castle Age
21:28 Double-Bit Axe
21:53 Horse Collar
30:45 Squires
32:08 Scale Mail Armor
32:58 Gambesons
39:44 Imperial Age
37:45 Heavy Plow
38:09 Bow Saw
39:24 Gold Mining
43:06 Chain Mail Armor
RESIST
11:56 Loom
13:46 Feudal Age
15:19 Wheelbarrow
16:20 Double-Bit Axe
20:51 Castle Age
21:54 Bow Saw
21:29 Fishing Lines
23:11 Hand Cart
23:34 Gillnets
26:45 Horse Collar
30:19 Pikeman
31:00 Squires
31:57 Elite Skirmisher
38:15 Imperial Age
35:32 Town Watch
38:27 Stone Mining
38:28 Gold Mining
38:45 Kamandaran
39:06 Conscription
38:57 Thumb Ring
38:12 Crossbowman
40:12 Conscription
42:06 Chemistry
41:28 Ballistics
40:51 Halberdier
41:18 Arson
41:46 Town Patrol
49:08 Conscription
51:17 Citadels
abomyzation
3:24 Loom
20:43 Feudal Age
25:39 Wheelbarrow
nilendra.sinha
7:54 Loom
16:51 Feudal Age
19:09 Wheelbarrow
22:13 Castle Age
20:13 Double-Bit Axe
21:36 Scale Barding Armor
21:50 Bloodlines
21:46 Gold Mining
22:24 Stone Mining
23:41 Forging
25:15 Fishing Lines
27:09 Scale Mail Armor
28:25 Iron Casting
30:18 Chain Barding Armor
30:46 Hand Cart
31:16 Gold Shaft Mining
30:21 Pikeman
31:22 Chain Mail Armor
33:06 Hand Cart
33:34 Husbandry
33:52 Bow Saw
37:11 Imperial Age
34:33 Town Watch
35:10 Marauders
35:29 Padded Archer Armor
35:20 Fletching
39:59 Conscription
40:21 Elite Tarkan
44:30 Plate Barding Armor
44:27 Parthian Tactics
50:39 Blast Furnace
56:04 Leather Archer Armor
55:45 Bodkin Arrow
58:35 Heavy Cavalry Archer
neville_longbottom
18:17 Feudal Age
19:13 Fishing Lines
19:58 Man-at-Arms
29:01 Castle Age
31:58 Gillnets
37:16 Double-Bit Axe
38:38 Medium Warships
41:18 Imperial Age
38:54 Pikeman
42:01 Chivalry
44:00 Halberdier
44:26 Arson
44:42 Squires
44:28 Gambesons
48:19 Elite Throwing Axeman
51:07 Chemistry
50:28 Ballistics
49:50 Halberdier
50:17 Arson
50:33 Squires
50:19 Gambesons
57:21 Scale Mail Armor
57:32 Forging
57:28 Scale Barding Armor
61:47 Bow Saw
62:01 Ordonnance Companies
ChristopheG1970.Fr
3:32 Loom
13:59 Feudal Age
14:32 Double-Bit Axe
14:50 Fishing Lines
15:44 Town Watch
16:42 Wheelbarrow
19:16 Stone Mining
19:19 Gold Mining
22:19 Castle Age
20:26 Stone Mining
20:30 Fletching
22:01 Padded Archer Armor
23:17 Bodkin Arrow
24:29 Bow Saw
25:39 Hand Cart
25:49 Fervor
26:41 Leather Archer Armor
32:36 Imperial Age
31:47 Gillnets
34:33 Bracer
37:13 Sanctity
37:06 Elite Genoese Crossbowman
38:51 Chemistry
40:01 Conscription
41:03 Two-Man Saw
47:37 Ring Archer Armor
49:00 Redemption
53:28 Ballistics
56:33 Forging
56:23 Scale Mail Armor
56:32 Thumb Ring
60:23 Iron Casting
62:13 Squires
62:56 Illumination
62:48 Block Printing
62:54 Chain Mail Armor
63:14 Iron Casting
Brido1970
14:53 Feudal Age
14:14 Loom
16:51 Double-Bit Axe
19:40 Forging
20:25 Scale Barding Armor
21:11 Bloodlines
24:27 Castle Age
23:48 Stone Mining
24:37 Light Cavalry
25:40 Chain Barding Armor
26:12 Bow Saw
27:37 Fletching
29:31 Husbandry
29:32 Bodkin Arrow
30:15 Gold Mining
33:42 Iron Casting
38:11 Imperial Age
36:35 Wheelbarrow
38:43 Ballistics
39:16 Bracer
40:18 Blast Furnace
40:41 Cavalier
41:27 Fishing Lines
45:08 Conscription
45:49 Plate Barding Armor
55:33 Elite Organ Gun
Edo 06
13:31 Feudal Age
13:58 Double-Bit Axe
20:07 Gold Mining
20:10 Horse Collar
23:33 Bloodlines
27:33 Castle Age
34:45 Imperial Age
32:38 Heavy Plow
33:00 Nomads
33:19 Husbandry
33:26 Scale Barding Armor
33:17 Fletching
33:27 Padded Archer Armor
33:22 Fishing Lines
36:48 Gold Shaft Mining
36:09 Stone Mining
42:09 Murder Holes
Connection lost

Rejoining the realm…

Still unreachable

The connection could not be restored.

Session expired

The server has moved on; the page needs a fresh start.